3AAA
BRINKLEY BELUGAS @ WARWICK HUNCHBACKS
08/24/2017
 
TOP OF THE 1ST
Brinkley Belugas batting - Pitching for Warwick Hunchbacks : RHP Willie Cameron
Pitching: RHP Willie Cameron
Batting: RHB Juan Banda 0-0: Ball
1-0: Foul Ball, location: 2F
1-1: Foul Ball, location: 2F
1-2: Fly out, F7 (Flyball, 7M)
Batting: RHB Chris Ross 0-0: Called Strike
0-1: Swinging Strike
0-2: Strikes out swinging
Batting: RHB Jean Pronk 0-0: Called Strike
0-1: Fly out, F1 (Popup, 23)
Top of the 1st over - 0 run(s), 0 hit(s), 0 error(s), 0 left on base; Brinkley 0 - Warwick 0
BOTTOM OF THE 1ST
Warwick Hunchbacks batting - Pitching for Brinkley Belugas : RHP Hunter Durham
Pitching: RHP Hunter Durham
Batting: LHB Tony Nichols 0-0: Ball
1-0: Called Strike
1-1: Swinging Strike
1-2: Ball
2-2: Strikes out swinging
Batting: RHB Travis Turner 0-0: Called Strike
0-1: Foul Ball, location: 2F
0-2: Ball
1-2: Foul Ball, location: 2F
1-2: Ball
2-2: Fly out, F8 (Line Drive, 8LM)
Batting: RHB Nick McKnight 0-0: Ball
1-0: Ball
2-0: Foul Ball, location: 2F
2-1: Foul Ball, location: 2F
2-2: SINGLE (Line Drive, 4M)
Batting: LHB Ted Cracknell 0-0: Ball
1-0: DOUBLE (Line Drive, 8LS)
Nick McKnight to third
Batting: RHB Julián Rocha 0-0: Called Strike
0-1: Ball
1-1: Ball
2-1: Ball
3-1: Foul Ball, location: 2F
3-2: SINGLE (Line Drive, 8LS)
Nick McKnight scores
Ted Cracknell to third
Ted Cracknell scores
Batting: RHB Freddy Scott 0-0: Foul Ball, location: 2F
0-1: Foul Ball, location: 2F
0-2: Ball
1-2: Ball
2-2: Foul Ball, location: 2F
2-2: 2-RUN HOME RUN (Flyball, 7D), Distance : 381 ft
Batting: LHB Ron Wallace 0-0: Ball
1-0: Ball
2-0: Foul Ball, location: 2F
2-1: Ball
3-1: Base on Balls
Batting: RHB Jim Browning 0-0: Called Strike
0-1: Ball
1-1: Ball
2-1: Ball
3-1: Fly out, F3 (Popup, 3DF)
Bottom of the 1st over - 4 run(s), 4 hit(s), 0 error(s), 1 left on base; Brinkley 0 - Warwick 4
TOP OF THE 2ND
Brinkley Belugas batting - Pitching for Warwick Hunchbacks : RHP Willie Cameron
Batting: RHB José Romano 0-0: Ball
1-0: Ball
2-0: Foul Ball, location: 2F
2-1: Ball
3-1: Base on Balls
Batting: LHB George Wilcox 0-0: Ball
1-0: Called Strike
1-1: Ball
2-1: SINGLE (Line Drive, 7LS)
José Romano to second
Batting: RHB Carlos Salinas 0-0: Ball
1-0: Ball
2-0: Foul Ball, location: 2F
2-1: Swinging Strike
2-2: 3-RUN HOME RUN (Flyball, 89XD), Distance : 391 ft
Batting: RHB Max Burke 0-0: Ball
1-0: Ball
2-0: Fly out, F7 (Flyball, 7S)
Batting: RHB Alberto Morales 0-0: Ground out 4-3 (Groundball, 4M)
Batting: LHB Fred Riley 0-0: SOLO HOME RUN (Flyball, 7D), Distance : 380 ft
Batting: RHB Juan Banda 0-0: Ball
1-0: SINGLE (Groundball, 4MD)
Batting: RHB Chris Ross 0-0: Ball
1-0: Ball
2-0: Ball
3-0: Base on Balls
Juan Banda to second
Batting: RHB Jean Pronk 0-0: Ball
1-0: Called Strike
1-1: Foul Ball, location: 2F
1-2: Foul Ball, location: 2F
1-2: Strikes out swinging
Top of the 2nd over - 4 run(s), 4 hit(s), 0 error(s), 2 left on base; Brinkley 4 - Warwick 4
BOTTOM OF THE 2ND
Warwick Hunchbacks batting - Pitching for Brinkley Belugas : RHP Hunter Durham
Batting: LHB Javier Pérez 0-0: Ball
1-0: SINGLE (Groundball, 6S)
Batting: LHB Tony Nichols 0-0: Ball
1-0: SINGLE (Line Drive, 6D)
Javier Pérez to second
Batting: RHB Travis Turner 0-0: Ball
1-0: Called Strike
1-1: Ball
2-1: Ball
3-1: Base on Balls
Javier Pérez to third
Tony Nichols to second
Batting: RHB Nick McKnight 0-0: Ball
1-0: Foul Ball, location: 2F
1-1: Called Strike
1-2: Foul Ball, location: 2F
1-2: Strikes out swinging
Batting: LHB Ted Cracknell 0-0: Called Strike
0-1: Ball
1-1: Foul Ball, location: 2F
1-2: Ball
2-2: Strikes out swinging
Batting: RHB Julián Rocha 0-0: Called Strike
0-1: Ball
1-1: Ball
2-1: Foul Ball, location: 2F
2-2: Foul Ball, location: 2F
2-2: Foul Ball, location: 2F
2-2: Ball
3-2: Fly out, F7 (Flyball, 7D)
Bottom of the 2nd over - 0 run(s), 2 hit(s), 0 error(s), 3 left on base; Brinkley 4 - Warwick 4
TOP OF THE 3RD
Brinkley Belugas batting - Pitching for Warwick Hunchbacks : RHP Willie Cameron
Batting: RHB José Romano 0-0: Ball
1-0: Ball
2-0: Foul Ball, location: 2F
2-1: Ground out 5-3 (Groundball, 5)
Batting: LHB George Wilcox 0-0: Fly out, F5 (Popup, 5SF)
Batting: RHB Carlos Salinas 0-0: Ball
1-0: Fly out, F3 (Line Drive, 3)
Top of the 3rd over - 0 run(s), 0 hit(s), 0 error(s), 0 left on base; Brinkley 4 - Warwick 4
BOTTOM OF THE 3RD
Warwick Hunchbacks batting - Pitching for Brinkley Belugas : RHP Hunter Durham
Batting: RHB Freddy Scott 0-0: DOUBLE (Line Drive, 9LS)
Batting: LHB Ron Wallace 0-0: Called Strike
0-1: Foul Ball, location: 2F
0-2: Strikes out swinging
Batting: RHB Jim Browning 0-0: Called Strike
0-1: Ball
1-1: Ball
2-1: Ball
3-1: Fly out, F9 (Flyball, 9M)
Batting: LHB Javier Pérez 0-0: Called Strike
0-1: 2-RUN HOME RUN (Flyball, 9D), Distance : 367 ft
Pitching: RHP José Huerta
Batting: LHB Tony Nichols 0-0: Ball
1-0: Foul Ball, location: 2F
1-1: Swinging Strike
1-2: Strikes out looking
Bottom of the 3rd over - 2 run(s), 2 hit(s), 0 error(s), 0 left on base; Brinkley 4 - Warwick 6
TOP OF THE 4TH
Brinkley Belugas batting - Pitching for Warwick Hunchbacks : RHP Willie Cameron
Batting: RHB Max Burke 0-0: Ball
1-0: Foul Ball, location: 2F
1-1: Swinging Strike
1-2: Ball
2-2: Fly out, F9 (Flyball, 9M)
Batting: RHB Alberto Morales 0-0: Called Strike
0-1: Ground out 1-3 (Groundball, 23)
Batting: LHB Fred Riley 0-0: Called Strike
0-1: Ball
1-1: Ball
2-1: Ball
3-1: Called Strike
3-2: Strikes out looking
Top of the 4th over - 0 run(s), 0 hit(s), 0 error(s), 0 left on base; Brinkley 4 - Warwick 6
BOTTOM OF THE 4TH
Warwick Hunchbacks batting - Pitching for Brinkley Belugas : RHP José Huerta
Batting: RHB Travis Turner 0-0: Ball
1-0: Foul Ball, location: 2F
1-1: Swinging Strike
1-2: Ball
2-2: Ball
3-2: Base on Balls
Batting: RHB Nick McKnight 0-0: Ball
1-0: Ball
2-0: Ball
3-0: Base on Balls
Travis Turner to second
Batting: LHB Ted Cracknell 0-0: SINGLE (Line Drive, 4M)
Travis Turner to third
Nick McKnight to second
Batting: RHB Julián Rocha 0-0: Foul Ball, location: 2F
0-1: Ball
Wild Pitch!
Travis Turner scores
Nick McKnight to third
Ted Cracknell to second
1-1: Ball
2-1: Swinging Strike
2-2: Foul Ball, location: 2F
2-2: Ball
3-2: Foul Ball, location: 2F
3-2: Strikes out looking
Batting: RHB Freddy Scott 0-0: Foul Ball, location: 2F
0-1: Ball
1-1: Ball
2-1: Swinging Strike
2-2: Strikes out swinging
Batting: LHB Ron Wallace 0-0: Foul Ball, location: 2F
0-1: Fly out, F7 (Flyball, 78M)
Bottom of the 4th over - 1 run(s), 1 hit(s), 0 error(s), 2 left on base; Brinkley 4 - Warwick 7
TOP OF THE 5TH
Brinkley Belugas batting - Pitching for Warwick Hunchbacks : RHP Willie Cameron
Batting: RHB Juan Banda 0-0: Called Strike
0-1: Ball
1-1: Foul Ball, location: 2F
1-2: Foul Ball, location: 2F
1-2: Fly out, F9 (Flyball, 9M)
Batting: RHB Chris Ross 0-0: Ball
1-0: Called Strike
1-1: Ball
2-1: Ball
3-1: Foul Ball, location: 2F
3-2: Fly out, F9 (Flyball, 9S)
Batting: RHB Jean Pronk 0-0: Called Strike
0-1: Ball
1-1: Fly out, F3 (Popup, 3SF)
Top of the 5th over - 0 run(s), 0 hit(s), 0 error(s), 0 left on base; Brinkley 4 - Warwick 7
BOTTOM OF THE 5TH
Warwick Hunchbacks batting - Pitching for Brinkley Belugas : RHP José Huerta
Batting: RHB Jim Browning 0-0: Ball
1-0: Ball
2-0: Called Strike
2-1: Ball
3-1: Base on Balls
Pitching: RHP Ramón Molina
Batting: LHB Javier Pérez 0-0: Bunted foul
0-1: Ball
Jim Browning steals 2nd base
1-1: Sac Bunt - play at first, batter OUT! 1-4
Jim Browning to third
Batting: LHB Tony Nichols 0-0: Ball
1-0: Called Strike
1-1: Ball
2-1: Ball
3-1: Base on Balls
Batting: RHB Travis Turner 0-0: Ball
Tony Nichols is caught stealing 2nd base
1-0: Called Strike
1-1: Called Strike
1-2: Ball
2-2: Foul Ball, location: 2F
2-2: Ball
3-2: Ground out 1-3 (Groundball, 23)
Bottom of the 5th over - 0 run(s), 0 hit(s), 0 error(s), 1 left on base; Brinkley 4 - Warwick 7
TOP OF THE 6TH
Brinkley Belugas batting - Pitching for Warwick Hunchbacks : RHP Willie Cameron
Batting: RHB José Romano 0-0: Fly out, F9 (Flyball, 9LM)
Batting: LHB George Wilcox 0-0: Called Strike
0-1: Called Strike
0-2: Fly out, F6 (Popup, 6D)
Batting: RHB Carlos Salinas 0-0: Swinging Strike
0-1: Ball
1-1: Bunt for hit - play at first, batter OUT! 1-3
Top of the 6th over - 0 run(s), 0 hit(s), 0 error(s), 0 left on base; Brinkley 4 - Warwick 7
BOTTOM OF THE 6TH
Warwick Hunchbacks batting - Pitching for Brinkley Belugas : RHP Ramón Molina
Batting: RHB Nick McKnight 0-0: Swinging Strike
0-1: Ball
1-1: Foul Ball, location: 2F
1-2: Foul Ball, location: 2F
1-2: Ball
2-2: Ball
3-2: Fly out, F4 (Line Drive, 4M)
Batting: LHB Ted Cracknell 0-0: DOUBLE (Groundball, 3D)
Batting: RHB Julián Rocha 0-0: Swinging Strike
0-1: Ball
1-1: Ground out 6-3 (Groundball, 6M)
Ted Cracknell to third
Batting: RHB Freddy Scott 0-0: SINGLE (Line Drive, 7LM)
Ted Cracknell scores
Batting: LHB Ron Wallace 0-0: SINGLE (Line Drive, 8LS)
Freddy Scott to second
Batting: RHB Jim Browning 0-0: Called Strike
0-1: Foul Ball, location: 2F
0-2: Foul Ball, location: 2F
0-2: Foul Ball, location: 2F
0-2: Strikes out swinging
Bottom of the 6th over - 1 run(s), 3 hit(s), 0 error(s), 2 left on base; Brinkley 4 - Warwick 8
TOP OF THE 7TH
Brinkley Belugas batting - Pitching for Warwick Hunchbacks : RHP Willie Cameron
Batting: RHB Max Burke 0-0: Called Strike
0-1: Ball
1-1: Swinging Strike
1-2: Foul Ball, location: 2F
1-2: Ball
2-2: Ground out 4-3 (Groundball, 4M)
Batting: RHB Alberto Morales 0-0: Called Strike
0-1: Foul Ball, location: 2F
0-2: Ball
1-2: Ball
2-2: Ground out 4-3 (Groundball, 4)
Batting: LHB Fred Riley 0-0: Called Strike
0-1: Ball
1-1: Foul Ball, location: 2F
1-2: Foul Ball, location: 2F
1-2: Fly out, F3 (Popup, 2R)
Top of the 7th over - 0 run(s), 0 hit(s), 0 error(s), 0 left on base; Brinkley 4 - Warwick 8
BOTTOM OF THE 7TH
Warwick Hunchbacks batting - Pitching for Brinkley Belugas : RHP Ramón Molina
Pitching: RHP Joe Flowers
Batting: LHB Javier Pérez 0-0: Called Strike
0-1: Bunted foul
0-2: Foul Ball, location: 2F
0-2: Ball
1-2: Fly out, F7 (Line Drive, 7S)
Batting: LHB Tony Nichols 0-0: Fly out, F7 (Flyball, 78D)
Batting: RHB Travis Turner 0-0: Called Strike
0-1: Foul Ball, location: 2F
0-2: Ball
1-2: Foul Ball, location: 2F
1-2: Foul Ball, location: 2F
1-2: Foul Ball, location: 2F
1-2: Foul Ball, location: 2F
1-2: Ball
2-2: Strikes out swinging
Bottom of the 7th over - 0 run(s), 0 hit(s), 0 error(s), 0 left on base; Brinkley 4 - Warwick 8
TOP OF THE 8TH
Brinkley Belugas batting - Pitching for Warwick Hunchbacks : RHP Willie Cameron
Batting: RHB Juan Banda 0-0: Called Strike
0-1: Ball
1-1: Fly out, F4 (Popup, 4)
Batting: RHB Chris Ross 0-0: Ball
1-0: Foul Ball, location: 2F
1-1: Called Strike
1-2: Strikes out swinging
Batting: RHB Jean Pronk 0-0: Ball
1-0: Foul Ball, location: 2F
1-1: Ball
2-1: Foul Ball, location: 2F
2-2: Ball
3-2: Base on Balls
Batting: RHB José Romano 0-0: SINGLE (Line Drive, 4M)
Jean Pronk to second
Batting: LHB George Wilcox 0-0: Ball
1-0: Foul Ball, location: 2F
1-1: Swinging Strike
1-2: Fly out, F6 (Popup, 56)
Top of the 8th over - 0 run(s), 1 hit(s), 0 error(s), 2 left on base; Brinkley 4 - Warwick 8
BOTTOM OF THE 8TH
Warwick Hunchbacks batting - Pitching for Brinkley Belugas : RHP Joe Flowers
Batting: RHB Nick McKnight 0-0: Called Strike
0-1: Ball
1-1: Ball
2-1: Ball
3-1: Called Strike
3-2: Foul Ball, location: 2F
3-2: Ground out 5-3 (Groundball, 5S)
Batting: LHB Ted Cracknell 0-0: Called Strike
0-1: Swinging Strike
0-2: Ball
1-2: Foul Ball, location: 2F
1-2: Ball
2-2: Foul Ball, location: 2F
2-2: Fly out, F7 (Flyball, 7M)
Batting: RHB Julián Rocha 0-0: Ball
1-0: Ground out 5-3 (Groundball, 56S)
Bottom of the 8th over - 0 run(s), 0 hit(s), 0 error(s), 0 left on base; Brinkley 4 - Warwick 8
TOP OF THE 9TH
Brinkley Belugas batting - Pitching for Warwick Hunchbacks : RHP Willie Cameron
Pitching: RHP Jim Unknown
Batting: RHB Carlos Salinas 0-0: Foul Ball, location: 2F
0-1: Ball
1-1: Swinging Strike
1-2: Hit by Pitch
Batting: RHB Max Burke 0-0: Foul Ball, location: 2F
0-1: Foul Ball, location: 2F
0-2: Reached on error, E6 (Groundball, 6M)
Carlos Salinas to second
Batting: RHB Alberto Morales 0-0: Called Strike
0-1: Swinging Strike
0-2: Strikes out swinging
Batting: LHB Fred Riley 0-0: Fly out, F7 (Flyball, 7S)
Batting: RHB Juan Banda 0-0: Ball
Wild Pitch!
Carlos Salinas to third
Max Burke to second
1-0: Swinging Strike
1-1: SINGLE (Flyball, 9LS)
Carlos Salinas scores
Max Burke to third
Runner from 3rd tries for Home, SAFE, no throw or cutoff
Pitching: RHP Henry Hart
Batting: RHB Chris Ross 0-0: Called Strike
0-1: Ball
1-1: Ball
2-1: Swinging Strike
2-2: Foul Ball, location: 2F
2-2: Strikes out swinging
Top of the 9th over - 2 run(s), 1 hit(s), 1 error(s), 1 left on base; Brinkley 6 - Warwick 8
This league is powered by Out of the Park Baseball, the baseball management simulation game for PC, Mac and Linux
Saturday, February 27th, 2021 - OOTP Baseball 15.6 Build 34